Map: Selva profunda EE

Players

FFighter

  • Race: Terran Terran
  • League: Gold
  • Spawn Location: 3:00

hacklord

  • Race: Terran Terran
  • Spawn Location: 1:00

DRBlitz

  • Race: Protoss Protoss
  • Spawn Location: 1:00

MrFercho

  • Race: Zerg Zerg
  • League: Silver
  • Spawn Location: 7:00

tigro

  • Race: Terran Terran
  • League: Bronze
  • Spawn Location: 7:00

TATORREA

  • Race: Protoss Protoss
  • League: Silver
  • Spawn Location: 7:00

VOD

Have the link to the VOD?

Description

Time

  • Played on: June 17, 2020, 9:22 p.m.
  • Length: 10:31
Show
View Real Time Build Order
Export as new Build Order

FFighter Terran 

Build Orders:  

Get SALT Encoding   

  12  0:01  SCV  
  13  0:13  SCV  
  14  0:19  Supply Depot  
  14  0:25  SCV  
  15  0:40  SCV  
  16  0:52  SCV, Refinery  
  17  1:06  Barracks  
  17  1:08  SCV  
  18  1:20  SCV  
  19  1:48  SCV  
  20  1:57  Barracks Reactor  
  20  2:00  SCV  
  21  2:08  Refinery  
  21  2:11  Command Center  
  21  2:14  Orbital Command  
  21  2:34  Reaper  
  21  2:35  Reaper  
  23  2:42  Supply Depot  
  23  2:44  Supply Depot  
  23  2:46  SCV  
  24  2:59  SCV  
  25  3:06  Reaper  
  25  3:07  Reaper  
  25  3:10  Factory  
  25  3:11  SCV  
  26  3:56  Orbital Command  
  26  4:04  Starport  
  26  4:08  Factory Tech Lab  
  25  4:12  SCV  
  26  4:24  SCV  
  26  4:28  SCV  
  28  4:36  SCV  
  29  4:40  SCV  
  29  4:41  Fusion Core  
  30  4:49  SCV  
  31  4:53  Banshee, SCV  
  35  5:03  SCV  
  35  5:05  SCV  
  37  5:12  Factory Tech Lab  
  37  5:15  SCV  
  38  5:24  Orbital Command  
  38  5:27  SCV  
  39  5:30  Weapon Refit  
  39  5:39  SCV  
  39  5:46  Battlecruiser  
  45  5:51  SCV  
  46  6:22  Refinery  
  46  6:26  Refinery  
  46  7:14  Battlecruiser  
  43  8:22  Battlecruiser  
  49  8:29  Starport, SCV x2  
  49  8:30  Starport  
  51  8:39  Siege Tank  
  54  8:41  SCV  
  54  8:42  SCV  
  54  8:48  Barracks x2  
  56  8:49  Barracks x2  
  56  8:54  SCV  
  56  8:55  Barracks, SCV  
  58  8:56  Barracks  
  58  9:07  SCV x2  
  60  9:19  SCV  
  61  9:37  Supply Depot  
  61  9:38  Supply Depot  
  67  10:31  Starport Tech Lab x2  
Show
View Real Time Build Order
Export as new Build Order

hacklord Terran 

Build Orders:  

Get SALT Encoding   

  12  0:14  SCV  
  13  0:26  SCV  
  14  0:38  SCV  
  15  0:53  Refinery  
  15  0:56  Refinery  
  15  1:01  Supply Depot  
  15  1:22  SCV  
  16  1:35  SCV  
  17  1:47  SCV  
  18  1:51  Barracks  
  18  1:59  SCV  
  19  2:11  SCV  
  19  2:15  Engineering Bay  
  20  2:20  Engineering Bay  
  20  2:23  SCV  
  21  2:31  Supply Depot  
  21  2:35  SCV  
  22  2:41  Barracks Tech Lab  
  22  2:47  SCV  
  22  2:48  Factory  
  23  2:55  Barracks  
  23  2:59  SCV  
  23  3:04  Supply Depot  
  24  3:10  Terran Infantry Weapons Level 1  
  24  3:11  SCV  
  25  3:18  Terran Infantry Armor Level 1  
  25  3:23  Combat Shield  
  26  3:29  Orbital Command  
  25  3:39  Supply Depot  
  25  3:46  Barracks  
  25  3:48  Barracks Reactor  
  25  3:50  Factory Tech Lab  
  25  4:04  Starport  
  25  4:10  Supply Depot  
  25  4:36  Barracks Reactor  
  25  4:42  Armory  
  25  4:44  Supply Depot  
  25  4:47  Starport Reactor  
  25  4:56  Barracks  
  25  4:59  Marine x3  
  28  5:06  Supply Depot  
  28  5:17  Marine x3  
  31  5:26  Medivac  
  31  5:27  Medivac  
  35  5:34  Marine  
  35  5:35  Marine x2  
  38  5:39  Marine x2  
  40  5:52  Marine  
  40  5:53  Marine x2  
  40  5:56  Medivac  
  40  5:57  Medivac, Marine x2  
  45  5:59  Terran Infantry Weapons Level 2  
  45  6:03  Barracks Reactor  
  49  6:10  Marine x2  
  51  6:25  Terran Vehicle And Ship Armor Level 1  
  51  6:43  Command Center  
  51  6:46  Refinery  
  51  6:49  Refinery  
  51  6:54  Medivac  
  51  6:57  Medivac  
  51  6:58  Marine x3  
  58  7:07  SCV  
  59  7:20  SCV  
  60  7:28  Terran Infantry Armor Level 2  
  60  7:32  SCV  
  61  8:04  Marine x7  
  68  8:14  Orbital Command  
  68  8:21  Marine  
  68  8:22  Marine x6  
  70  9:00  Marine x6  
  70  9:01  Marine  
  72  9:17  Marine x2  
  72  9:18  Marine x4  
  72  9:19  Marine  
  76  9:35  Marine x3  
  76  9:36  Marine x4  
  70  9:53  Marine x4  
  70  9:54  Marine x3  
  74  10:12  Marine  
Show
View Real Time Build Order
Export as new Build Order

DRBlitz Protoss 

Build Orders:  

Get SALT Encoding   

  12  0:01  Probe  
  13  0:13  Probe  
  14  0:21  Pylon  
  14  0:35  Probe  
  15  0:43  Probe  
  15  0:45  Gateway  
  16  0:51  Assimilator  
  16  0:53  Probe  
  17  0:57  Assimilator  
  17  1:05  Probe  
  18  1:17  Probe  
  19  1:22  Pylon  
  19  1:28  Probe  
  20  1:36  Probe, Cybernetics Core  
  20  1:44  Probe  
  22  2:02  Warp Gate  
  22  2:10  Probe  
  23  2:20  Stargate  
  23  2:24  Probe  
  24  2:30  Gateway  
  24  2:36  Robotics Facility  
  24  2:39  Probe  
  25  2:51  Probe  
  26  3:03  Nexus  
  26  3:10  Probe  
  26  3:11  Zealot  
  27  3:18  Stalker  
  31  3:34  Pylon  
  31  3:46  Void Ray  
  31  3:52  Probe  
  36  3:58  Pylon  
  36  4:00  Stalker  
  38  4:10  Pylon  
  38  4:14  Probe  
  39  4:26  Probe  
  39  4:29  Probe  
  39  4:30  Immortal  
  41  4:33  Zealot x2  
  41  4:38  Probe  
  46  4:41  Probe  
  51  4:49  Assimilator  
  51  4:51  Assimilator, Probe  
  52  5:02  Void Ray  
  56  5:09  Zealot  
  58  5:17  Probe x2  
  60  5:29  Probe x2  
  60  5:30  Observer  
  63  5:40  Zealot x2  
  67  6:03  Gateway  
  67  6:05  Gateway  
  49  8:05  Stalker x3  
  53  8:06  Zealot  
  57  8:14  Probe  
  57  8:15  Forge, Probe  
  59  8:22  Pylon  
  59  8:26  Pylon  
  59  8:27  Probe x2  
  60  8:28  Pylon  
  61  8:39  Gateway  
  61  8:43  Gateway  
  61  9:07  Nexus  
  61  9:08  Pylon  
  61  9:10  Pylon  
  55  9:23  Zealot  
  55  9:24  Zealot x2  
  59  9:25  Zealot  
  63  9:41  Stalker x2  
  63  9:44  Pylon  
  65  9:47  Immortal  
  65  9:52  Pylon  
  67  9:57  Photon Cannon  
  67  10:02  Photon Cannon  
  67  10:04  Photon Cannon  
  67  10:05  Zealot x3  
  67  10:06  Zealot x2  
Show
View Real Time Build Order
Export as new Build Order

MrFercho Zerg 

Build Orders: Hatch First 

Get SALT Encoding   

  12  0:01  Drone  
  13  0:13  Overlord  
  13  0:25  Drone  
  14  0:50  Hatchery  
  14  0:54  Drone x2  
  15  1:04  Drone  
  16  1:05  Drone  
  17  1:18  Spawning Pool  
  16  1:20  Drone  
  17  1:26  Drone  
  18  1:37  Drone  
  19  1:42  Extractor  
  18  1:48  Drone  
  19  1:58  Drone  
  20  2:01  Drone  
  21  2:09  Queen x2  
  21  2:11  Drone  
  26  2:19  Drone  
  26  2:20  Drone  
  28  2:23  Overlord  
  28  2:43  Drone x3  
  31  2:48  Queen  
  33  2:52  Lair  
  33  2:57  Drone x3  
  36  3:10  Extractor, Drone  
  36  3:12  Extractor  
  35  3:13  Overlord  
  34  3:34  Drone  
  34  3:35  Drone x3  
  34  3:38  Zergling x6  
  34  3:39  Zergling x2  
  41  3:55  Overlord x3  
  40  4:05  Drone x2  
  42  4:10  Metabolic Boost  
  42  4:19  Spire  
  41  4:25  Drone x3  
  44  4:35  Overseer  
  44  4:38  Drone  
  44  4:39  Drone x2  
  47  4:59  Spine Crawler  
  46  5:01  Spine Crawler  
  46  5:02  Spine Crawler  
  44  5:07  Drone x7  
  44  5:08  Drone x3  
  54  5:15  Hatchery  
  54  5:17  Evolution Chamber  
  52  5:24  Drone  
  52  5:25  Drone x4  
  57  5:29  Extractor  
  57  5:30  Drone  
  57  5:34  Zerg Flyer Weapons Level 1  
  57  5:48  Drone x8  
  65  6:03  Mutalisk  
  67  6:24  Extractor  
  65  6:34  Mutalisk  
  65  6:35  Mutalisk x3  
  65  6:37  Overlord x8  
  65  6:39  Extractor  
  72  6:48  Spore Crawler  
  72  6:49  Spore Crawler  
  68  7:02  Spore Crawler  
  68  7:04  Drone  
  68  7:05  Drone x9  
  77  7:21  Mutalisk x4  
  79  7:44  Mutalisk  
  79  7:45  Mutalisk x6  
  91  7:53  Mutalisk  
  83  8:07  Mutalisk x2  
  85  8:18  Mutalisk  
  85  8:27  Drone x6  
  85  8:28  Drone  
  85  8:31  Mutalisk  
  71  8:59  Spine Crawler  
  71  9:00  Spine Crawler  
  71  9:01  Zergling x14, Spine Crawler  
  75  9:08  Spine Crawler  
  74  9:13  Mutalisk x5  
  80  9:37  Mutalisk x4  
  62  10:08  Baneling Nest  
Show
View Real Time Build Order
Export as new Build Order

tigro Terran 

Build Orders:  

Get SALT Encoding   

  12  0:03  SCV  
  13  0:15  SCV  
  14  0:27  SCV  
  15  0:30  Supply Depot  
  15  0:35  Refinery  
  15  0:51  SCV  
  16  0:57  Barracks  
  16  1:03  SCV  
  17  1:06  Refinery  
  17  1:15  SCV  
  18  1:28  SCV  
  18  1:30  Supply Depot  
  19  1:40  SCV  
  19  1:44  Marine  
  21  1:52  SCV  
  22  2:02  Marine  
  22  2:04  SCV  
  22  2:06  Barracks  
  24  2:17  SCV  
  24  2:19  Marine  
  26  2:36  Engineering Bay  
  26  2:37  Marine  
  26  2:38  SCV  
  28  2:54  Orbital Command  
  28  2:55  Marine  
  28  2:58  Factory  
  29  3:14  Barracks Tech Lab  
  29  3:18  Barracks Tech Lab  
  29  3:19  Command Center  
  29  4:09  Factory Tech Lab  
  29  4:14  Terran Infantry Weapons Level 1  
  29  4:18  Combat Shield  
  29  4:23  Concussive Shells  
  29  4:51  Starport  
  29  4:53  SCV, Refinery  
  30  5:04  Marine x2  
  30  5:05  SCV  
  30  5:06  Stimpack  
  33  5:15  Refinery  
  33  5:18  SCV  
  34  5:22  Marine x2  
  36  5:30  Starport, SCV  
  37  5:36  Siege Tank  
  37  5:40  Marine x2  
  37  5:42  SCV  
  43  5:50  Medivac  
  43  5:54  SCV  
  46  5:58  Marine x2  
  48  6:06  SCV  
  48  6:09  Terran Infantry Armor Level 1  
  49  6:15  Marine  
  49  6:16  Marine  
  49  6:18  SCV  
  52  6:30  SCV  
  53  6:42  SCV  
  54  6:54  SCV  
  54  7:06  SCV  
  55  8:00  Missile Turret  
  55  8:03  Neosteel Armor  
  55  8:21  Missile Turret  
  55  8:22  Starport Tech Lab  
  55  8:25  Starport Tech Lab  
  55  8:33  Fusion Core  
  55  8:38  SCV  
  56  8:43  Missile Turret  
  56  8:50  SCV  
  57  8:58  Marine x2  
  59  9:02  SCV  
  59  9:07  Missile Turret  
  60  9:15  SCV  
  60  9:16  Marine x2  
  46  9:27  SCV  
  46  9:29  Missile Turret  
  42  9:31  Medivac  
  42  9:33  Marine  
  42  9:34  Marine  
  42  9:51  Marine  
  42  9:52  Marine  
  35  10:01  Medivac  
  31  10:09  Marine x2  
Show
View Real Time Build Order
Export as new Build Order

TATORREA Protoss 

Build Orders:  

Get SALT Encoding   

  12  0:01  Probe  
  13  0:13  Probe  
  14  0:20  Pylon  
  14  0:25  Probe  
  15  0:38  Probe  
  15  0:42  Gateway  
  16  0:51  Probe  
  17  0:59  Probe  
  17  1:03  Assimilator  
  18  1:07  Probe  
  18  1:17  Probe  
  19  1:22  Pylon  
  20  1:28  Probe  
  21  1:36  Probe  
  21  1:40  Assimilator  
  21  1:44  Probe  
  21  1:46  Cybernetics Core  
  22  1:48  Gateway  
  23  1:56  Probe  
  24  2:08  Probe  
  24  2:29  Probe  
  24  2:37  Probe  
  25  2:43  Nexus  
  26  2:44  Pylon  
  26  2:46  Probe  
  27  2:53  Warp Gate  
  27  2:58  Probe  
  28  2:59  Stalker  
  28  3:02  Stalker  
  32  3:08  Pylon  
  32  3:10  Probe  
  33  3:22  Probe  
  34  3:29  Stalker  
  34  3:32  Stalker  
  38  3:34  Probe  
  39  3:46  Probe  
  40  3:58  Probe  
  41  4:03  Probe  
  42  4:10  Probe  
  42  4:15  Probe  
  44  4:17  Pylon  
  44  4:19  Pylon  
  44  4:23  Probe  
  45  4:24  Pylon  
  45  4:26  Assimilator  
  45  4:27  Probe  
  45  4:28  Assimilator, Pylon  
  46  4:41  Stargate  
  46  4:45  Probe  
  46  4:46  Probe, Stargate  
  46  4:48  Stargate  
  48  4:54  Probe  
  48  4:55  Probe  
  50  5:02  Probe  
  50  5:04  Probe  
  51  5:12  Probe x2  
  54  5:22  Nexus  
  54  5:24  Probe x2  
  54  5:25  Pylon  
  56  5:36  Probe x2  
  58  5:48  Probe x2  
  60  6:00  Probe  
  60  6:01  Probe  
  62  6:12  Fleet Beacon, Probe  
  62  6:13  Probe, Cybernetics Core  
  62  6:16  Assimilator  
  64  6:19  Assimilator  
  64  6:21  Protoss Air Weapons Level 1  
  64  6:24  Probe  
  64  6:25  Probe  
  66  6:30  Stalker  
  66  6:31  Stalker  
  70  6:36  Probe  
  70  6:37  Probe  
  60  6:55  Stalker x2  
  56  7:06  Probe x2  
  56  7:07  Probe  
  36  7:18  Probe x2  
  36  7:19  Probe  
  36  7:29  Phoenix x3  
  30  7:30  Probe x2  
  30  7:31  Probe  
  30  7:33  Anion Pulse-Crystals  
  29  7:42  Probe  
  29  7:43  Probe  
  28  7:45  Protoss Air Armor Level 1  
  28  7:46  Phoenix x3  
  28  8:19  Probe  
  25  8:20  Probe  
  27  8:27  Probe  
  29  8:36  Probe  
  29  8:39  Carrier  
  30  8:46  Probe  
  30  8:54  Probe  
  31  9:02  Probe  
  32  9:14  Probe  
  29  9:28  Probe  
  23  9:40  Probe  
  22  9:49  Probe  
  21  9:57  Probe  
Tags
 
Add a new tag
Caveats
  • Supply blocks, unpowered buildings, or Contaminate may cause inaccurate times.
  • Supply counts are checked every 10 seconds.